 Dungeon Crawl Stone Soup version 0.30-a0-374-g95c0257040 (webtiles) character file.

Game seed: 8232314715098209471

2727 NinjaNoafa the Nimble (level 9, -2/81 HPs)
             Began as a Gnoll Monk on Nov 26, 2022.
             Was a Believer of Vehumet.
             Killed from afar by Maggie (15 damage)
             ... with a bolt of fire
             ... on level 8 of the Dungeon.
             The game lasted 00:17:54 (9069 turns).

NinjaNoafa the Nimble (Gnoll Monk)                  Turns: 9069, Time: 00:17:54

Health: -2/81      AC: 10    Str: 10    XL:     9   Next: 67%
Magic:  15/15      EV: 16    Int: 12    God:    Vehumet [**....]
Gold:   97         SH:  5    Dex: 17    Spells: 14/17 levels left

rFire   . . .      SeeInvis .    H - +0 demon blade (pain)
rCold   + . .      Faith    .    (no shield)
rNeg    . . .      Spirit   .    m - +0 leather armour {rC+}
rPois   .          Reflect  +    u - +0 helmet
rElec   .          Harm     .    (no cloak)
rCorr   .          Rampage  .    (no gloves)
Will    .....                    w - +0 pair of boots
Stlth   +++.......               t - amulet of reflection
HPRegen 0.33/turn                q - +4 ring of protection
MPRegen 0.14/turn                (no ring)

@: mesmerised
A: fangs 1, strong nose, distributed training, robust 1
a: Renounce Religion


You were on level 8 of the Dungeon.
You worshipped Vehumet.
Vehumet was pleased with you.
You visited 2 branches of the dungeon, and saw 9 of its levels.

You collected 493 gold pieces.
You spent 396 gold pieces at shops.

Inventory:

Hand Weapons
 H - a +0 demon blade of pain (weapon)
Missiles
 d - 102 stones
 f - 15 poisoned darts
 C - 2 throwing nets
 E - 6 silver javelins
 F - 3 javelins
Armour
 m - a +0 leather armour of cold resistance (worn)
 u - a +0 helmet (worn)
 w - a +0 pair of boots (worn)
Jewellery
 q - a +4 ring of protection (left hand)
 t - an amulet of reflection (around neck)
Wands
 h - a wand of acid (6)
 B - a wand of flame (20)
Scrolls
 b - a scroll of noise
 e - 4 scrolls of identify
 g - a scroll of brand weapon
 i - 2 scrolls of magic mapping
 k - a scroll of torment {unknown}
 n - a scroll of teleportation
 r - a scroll of immolation {unknown}
 s - 2 scrolls of blinking {unknown}
 v - 2 scrolls of enchant armour {unknown}
 x - a scroll of vulnerability {unknown}
 y - 2 scrolls of amnesia
 A - a scroll of summoning {unknown}
 D - a scroll of fog {unknown}
 G - 2 scrolls of fear {unknown}
Potions
 a - 2 potions of attraction
 j - a potion of magic
 l - 4 potions of curing
 o - a potion of degeneration
 p - a potion of heal wounds
 z - a potion of cancellation


   Skills:
 + Level 8.1 Fighting
 + Level 4.6 Short Blades
 + Level 8.1 Long Blades
 + Level 4.6 Axes
 + Level 4.6 Maces & Flails
 + Level 4.6 Polearms
 + Level 4.6 Staves
 + Level 4.6 Ranged Weapons
 + Level 4.6 Throwing
 + Level 4.6 Armour
 + Level 8.1 Dodging
 + Level 6.3 Stealth
 + Level 4.6 Shields
 + Level 4.6 Unarmed Combat
 + Level 4.6 Spellcasting
 + Level 3.8 Conjurations
 + Level 3.8 Hexes
 + Level 3.8 Summonings
 + Level 3.8 Necromancy
 + Level 3.8 Translocations
 + Level 3.8 Transmutations
 + Level 3.8 Fire Magic
 + Level 3.8 Ice Magic
 + Level 3.8 Air Magic
 + Level 3.8 Earth Magic
 + Level 3.8 Poison Magic
 + Level 5.1 Invocations
 + Level 4.6 Evocations


You had 14 spell levels left.
You knew the following spells:

 Your Spells              Type           Power      Damage    Failure   Level
a - Magic Dart            Conj           48%        1d5       5%          1
b - Freeze                Ice            48%        1d6       5%          1
c - Sandblast             Erth           24%        2d8       5%          1

Your spell library contained the following spells:

 Spells                   Type           Power      Damage    Failure   Level
 Kindle Blastsparks       Fire/Tloc/Air  24%        2d12      17%         3
 Summon Small Mammal      Summ           48%        N/A       5%          1
 Passwall                 Tmut/Erth      10%        N/A       9%          2
 Call Canine Familiar     Summ           12%        N/A       17%         3
 Ignite Poison            Fire/Tmut/Pois 12%        N/A       17%         3
 Stone Arrow              Conj/Erth      24%        3d8       17%         3
 Summon Guardian Golem    Hex/Summ       12%        N/A       17%         3
 Vhi's Electric Charge    Tloc/Air       24%        N/A       17%         3
 Sticky Flame             Conj/Fire      12%        2d4       50%         4
 Arcjolt                  Conj/Air       6%         1d16      83%         5
 Ignition                 Fire           6%         3d4       100%        8
 Maxwell's Capacitive Co  Air            6%         ∞         100%        8


Dungeon Overview and Level Annotations

Branches:
Dungeon (8/15)             Temple (1/1) D:7
   Lair: D:8-11

Altars:
Ashenzari
Cheibriados
Dithmenos
Elyvilon
Hepliaklqana
Kikubaaqudgha
Makhleb
Nemelex Xobeh
Okawaru
Ru
Sif Muna
Trog
Uskayaw
Vehumet
Wu Jian
Xom
Yredelemnul
Zin
The Shining One

Shops:
D:3 (   D:6 [

Annotations:
D:8 Maggie


Innate Abilities, Weirdness & Mutations

You have very sharp teeth.
Your uncanny sense of smell can sniff out nearby items.
Your experience applies equally to all skills.
You are robust. (+10% HP)


Message History

You hit Maggie but do no damage.
Maggie writhes in agony.
Maggie is moderately wounded.
Maggie hits you but does no damage.
You are confused.
You feel invigorated.
Maggie hits you with the +9 lance "Wyrmbane" {slay drac, rPois rF+ rC+ AC+3}!
* * * LOW HITPOINT WARNING * * *
Maggie casts a spell at you. The bolt of fire misses you.
You feel less invigorated.
You feel less confused.
Maggie hits you with the +9 lance "Wyrmbane" {slay drac, rPois rF+ rC+ AC+3}.
You hit Maggie.
Maggie is moderately wounded.
Maggie completely misses you.
You slash Maggie!
Maggie is heavily wounded.
Maggie casts a spell.
Maggie draws you further into her thrall.
You hit Maggie. Your bite misses Maggie.
Maggie is heavily wounded.
You hit Maggie.
Maggie writhes in agony.
Maggie is severely wounded.
Maggie closely misses you.
You hit Maggie.
Maggie writhes in agony.
Maggie is severely wounded.
Maggie completely misses you.
You hit Maggie but do no damage.
Maggie writhes in agony.
Maggie is almost dead.
Maggie hits you with the +9 lance "Wyrmbane" {slay drac, rPois rF+ rC+ AC+3}.
* * * LOW HITPOINT WARNING * * *
You closely miss Maggie. You bite Maggie, but do no damage.
Maggie is almost dead.
Maggie hits you with the +9 lance "Wyrmbane" {slay drac, rPois rF+ rC+ AC+3}!
* * * LOW HITPOINT WARNING * * *
You closely miss Maggie.
Maggie is severely wounded.
Maggie points at you and mumbles some strange words.
The bolt of fire hits you!
You die...

.......#......##### #...........#
..................# #.##....#....
..................# #.#...@..@...
.......#..........###.#..##......
...................##.#..##......
)................................
..............<....##..#.##......
######.#..[......@####.#.# .....
###..).#........@......#.# . .
#...####..........######.#
..##..............# #.#
####.############## .. ###..#
#...## ..### ###


You could see Maggie (mesmerising).

Vanquished Creatures
  Prince Ribbit (D:7)
  Sigmund (D:4)
  A wraith (D:7)
  A yak (D:7)
  Menkaure (D:5)
  Edmund (D:5)
  2 water moccasins
  2 sky beasts
  A black bear (D:7)
  2 phantoms
  A kobold brigand (D:6)
  5 scorpions
  8 wights
  2 hounds
  A jelly (D:7)
  An orc priest (D:6)
  3 iguanas
  2 orc wizards
  5 adders
  3 gnolls (D:6)
  A white imp (D:6)
  2 ufetubi
  4 worms
  3 dart slugs
  15 orcs
  5 ball pythons
  10 endoplasms
  2 giant cockroaches
  5 goblins
  5 hobgoblins
  10 kobolds
  7 quokkas
  4 bats
  5 frilled lizards
  3 rats (D:2)
125 creatures vanquished.

Notes
Turn   | Place    | Note
-------+----------+-------------------------------------------
     0 | D:1      | NinjaNoafa the Gnoll Monk began the quest for the Orb.
     0 | D:1      | Reached XP level 1. HP: 23/23 MP: 1/1
   535 | D:1      | Reached XP level 2. HP: 29/29 MP: 2/2
  1195 | D:2      | Reached XP level 3. HP: 33/35 MP: 2/4
  1237 | D:2      | Reached skill level 1 in Invocations
  1516 | D:2      | Reached skill level 1 in Short Blades
  1516 | D:2      | Reached skill level 1 in Axes
  1516 | D:2      | Reached skill level 1 in Maces & Flails
  1516 | D:2      | Reached skill level 1 in Polearms
  1516 | D:2      | Reached skill level 1 in Staves
  1516 | D:2      | Reached skill level 1 in Ranged Weapons
  1516 | D:2      | Reached skill level 1 in Throwing
  1516 | D:2      | Reached skill level 1 in Armour
  1516 | D:2      | Reached skill level 1 in Shields
  1516 | D:2      | Reached skill level 1 in Unarmed Combat
  1516 | D:2      | Reached skill level 1 in Spellcasting
  1516 | D:2      | Reached skill level 1 in Evocations
  1929 | D:3      | Found Xenal's Antique Weapon Shop.
  1988 | D:3      | Reached XP level 4. HP: 37/41 MP: 5/5
  2100 | D:3      | Found an ancient bone altar of Kikubaaqudgha.
  2215 | D:3      | Found a shimmering blue altar of Sif Muna.
  2338 | D:3      | Reached skill level 1 in Conjurations
  2338 | D:3      | Reached skill level 1 in Hexes
  2338 | D:3      | Reached skill level 1 in Summonings
  2338 | D:3      | Reached skill level 1 in Necromancy
  2338 | D:3      | Reached skill level 1 in Translocations
  2338 | D:3      | Reached skill level 1 in Transmutations
  2338 | D:3      | Reached skill level 1 in Fire Magic
  2338 | D:3      | Reached skill level 1 in Ice Magic
  2338 | D:3      | Reached skill level 1 in Air Magic
  2338 | D:3      | Reached skill level 1 in Earth Magic
  2338 | D:3      | Reached skill level 1 in Poison Magic
  2568 | D:4      | Reached XP level 5. HP: 47/47 MP: 5/7
  2616 | D:4      | Noticed a phantom
  2634 | D:4      | Killed a phantom
  2645 | D:4      | Reached XP level 6. HP: 32/53 MP: 8/8
  2803 | D:4      | Found a sacrificial altar of Ru.
  2857 | D:4      | Found a hide-covered altar of Uskayaw.
  3153 | D:4      | Found a broken altar of Ashenzari.
  3154 | D:4      | Noticed Sigmund
  3188 | D:4      | Killed Sigmund
  3189 | D:4      | Reached XP level 7. HP: 60/60 MP: 10/10
  3421 | D:4      | Found a radiant altar of Vehumet.
  3428 | D:4      | Became a worshipper of Vehumet
  3428 | D:4      | Reached * piety under Vehumet
  3428 | D:4      | Offered knowledge of Magic Dart by Vehumet.
  3428 | D:4      | Reached ** piety under Vehumet
  3431 | D:4      | Learned a level 1 spell: Magic Dart
  3470 | D:5      | Entered Level 5 of the Dungeon
  3513 | D:5      | Offered knowledge of Freeze by Vehumet.
  3514 | D:5      | Reached skill level 5 in Stealth
  3516 | D:5      | Learned a level 1 spell: Freeze
  3572 | D:5      | Found a bloodstained altar of Trog.
  3724 | D:5      | Noticed Edmund
  3754 | D:5      | Killed Edmund
  4025 | D:5      | Noticed Menkaure
  4242 | D:5      | Killed Menkaure
  4243 | D:5      | Reached XP level 8. HP: 67/67 MP: 8/12
  5000 | D:6      | Found Ciheih's Armour Shoppe.
  5163 | D:6      | Found a basalt altar of Yredelemnul.
  5235 | D:6      | Learned a level 1 spell: Sandblast
  5484 | D:6      | Gained mutation: You are robust. (+10% HP) [potion of
                  | mutation]
  6252 | D:6      | Found an iron altar of Okawaru.
  6779 | D:6      | Found a burning altar of Makhleb.
  6965 | D:6      | Reached XP level 9. HP: 80/80 MP: 14/14
  6976 | D:6      | Found a shimmering altar of Xom.
  6988 | D:6      | Found an ornate altar of the Wu Jian Council.
  7514 | D:7      | Found a snail-covered altar of Cheibriados.
  7607 | D:3      | Bought a glowing demon blade for 396 gold pieces
  8058 | D:7      | Offered knowledge of Kindle Blastsparks by Vehumet.
  8465 | D:7      | Found a staircase to the Ecumenical Temple.
  8580 | Temple   | Entered the Ecumenical Temple
  8839 | D:8      | Noticed Prince Ribbit
  8841 | D:8      | Noticed Maggie
  8870 | D:7      | Killed Prince Ribbit
  8871 | D:7      | Reached skill level 5 in Invocations
  9069 | D:8      | Killed from afar by Maggie

Illustrated notes

Levels and vault maps discovered:
D:1:      dpeg_arrival_rooms_b, layout_basic
D:2:      layout_basic, minmay_circle_x
D:3:      layout_rooms, kiku_gazebo_garden_becter, lemuel_blue_sif_altar,
          serial_shops, nicolae_diamond_shop, minmay_diced_spiral
D:4:      layout_basic, nicolae_ru_great_annihilating_truth,
          mainiacjoe_overflow_alcove_2, evilmike_ruin_ashenzari,
          lemuel_coloured_pillars_altar, serial_bayou, serial_bayou_pond_b,
          serial_bayou_shore_b, serial_bayou_pond_e, serial_bayou_shore_b,
          minmay_vboxes, uniq_sigmund
D:5:      layout_cave_pods, trog_three_pillars_becter, uniq_menkaure,
          uniq_edmund
D:6:      layout_basic, lemuel_doored_altar, lightli_temple_of_fire,
          okawaru_trees_2, amethyst_overflow_temple_binary, serial_shops, shop,
          hex_intersection, palyth_stone_intersect, nicolae_zen_rock_garden,
          nrook_uturn, minmay_misc_feat_nine_boxes
D:7:      layout_loops_corners, mainiacjoe_overflow_boulevard,
          minmay_temple_entry_hall
D:8:      layout_rooms, kennysheep_little_box, enter_bailey_5, uniq_amaemon,
          uniq_prince_ribbit1, uniq_maggie
Temple:   hellmonk_temple_beads

Skill      XL: |  1  2  3  4  5  6  7  8  9 |
---------------+----------------------------+-----
Invocations    | 1 2 3 4 5 |  5.1
Short Blades   | 1 2 3 4 |  4.6
Axes           | 1 2 3 4 |  4.6
Maces & Flails | 1 2 3 4 |  4.6
Polearms       | 1 2 3 4 |  4.6
Staves         | 1 2 3 4 |  4.6
Ranged Weapons | 1 2 3 4 |  4.6
Throwing       | 1 2 3 4 |  4.6
Armour         | 1 2 3 4 |  4.6
Shields        | 1 2 3 4 |  4.6
Unarmed Combat | 1 2 3 4 |  4.6
Spellcasting   | 1 2 3 4 |  4.6
Evocations     | 1 2 3 4 |  4.6
Conjurations   | 1 2 3 |  3.8
Hexes          | 1 2 3 |  3.8
Summonings     | 1 2 3 |  3.8
Necromancy     | 1 2 3 |  3.8
Translocations | 1 2 3 |  3.8
Transmutations | 1 2 3 |  3.8
Fire Magic     | 1 2 3 |  3.8
Ice Magic      | 1 2 3 |  3.8
Air Magic      | 1 2 3 |  3.8
Earth Magic    | 1 2 3 |  3.8
Poison Magic   | 1 2 3 |  3.8
Fighting       | 7 8 |  8.1
Long Blades    | 7 8 |  8.1
Dodging        | 7 8 |  8.1
Stealth        | 5 6 |  6.3

Action                   |  1- 3 |  4- 6 |  7- 9 || total
-------------------------+-------+-------+-------++-------
Melee: Falchion          |    82 |   120 |   220 ||   422
       Bite              |     4 |     7 |    47 ||    58
       Punch             |       |     2 |     8 ||    10
       Demon blade       |       |       |    60 ||    60
Throw: Dart              |     2 |     3 |       ||     5
 Cast: Magic Dart        |       |       |    91 ||    91
       Freeze            |       |       |    20 ||    20
       Sandblast         |       |       |    40 ||    40
  Use: Potion            |     1 |     4 |    10 ||    15
       Scroll            |       |       |     8 ||     8
 Stab: Sleeping          |     3 |     4 |     3 ||    10
       Distracted        |       |     1 |       ||     1
       Invisible         |       |     1 |       ||     1
       Paralysed         |       |     1 |       ||     1
Armor: Robe              |     3 |       |       ||     3
       Leather armour    |     7 |    26 |    78 ||   111
       Skin              |       |       |     4 ||     4
Dodge: Dodged            |    60 |    79 |   246 ||   385
Block: Other             |       |    18 |    76 ||    94

Table legend: (Time is in decaauts)
 A = Elapsed time spent in this place.
 B = Non-inter-level travel time spent in this place.
 C = Inter-level travel time spent in this place.
 D = Time resting spent in this place.
 E = Time spent auto-exploring this place.
 F = Levels seen in this place.
 G = Mean time per level.
                   A        B        C        D        E       F      G
               +--------+--------+--------+--------+--------+-----+--------+
         Total |   9064 |   8149 |    915 |     65 |   6524 |   9 | 1007.1 |
       Dungeon |   8956 |   8054 |    902 |     65 |   6436 |   8 | 1119.5 |
        Temple |    107 |     94 |     13 |      0 |     88 |   1 |  107.0 |
               +--------+--------+--------+--------+--------+-----+--------+

Top non-repeatable levels by time:
     D:6: 1912 daAuts
     D:5: 1665 daAuts
     D:7: 1615 daAuts
     D:1: 1048 daAuts
     D:4: 1037 daAuts
     D:2: 941 daAuts
     D:3: 601 daAuts
     D:8: 133 daAuts
  Temple: 107 daAuts
